 Dungeon Crawl Stone Soup version 0.24.0-123-gd5b16e6ec5 (webtiles) character file.

Game seed: 13161416059629584946, levelgen mode: deterministic

12335 Peloso the Carver (level 11, 0/96 (97) HPs)
             Began as a Minotaur Fighter on Jan 19, 2020.
             Was the Champion of Okawaru.
             Slain by a manticore (12 damage)
             ... on level 11 of the Dungeon.
             The game lasted 00:19:46 (9601 turns).

Peloso the Carver (Minotaur Fighter)                Turns: 9601, Time: 00:19:47

HP:   0/96 (97)     AC: 14    Str: 26    XL:     11   Next: 61%
MP:   10/10         EV:  8    Int:  5    God:    Okawaru [******]
Gold: 642           SH: 14    Dex: 11    Spells: 10/10 levels left

rFire    . . .     SeeInvis .   a - +5 falchion of the Volcano {flame, +Blink rElec}
rCold    . . .     Gourm    .   c - +1 shield
rNeg     + . .     Faith    .   Q - +0 plate armour
rPois    .         Spirit   .   (helmet restricted)
rElec    +         Reflect  .   (no cloak)
rCorr    .         Harm     .   (no gloves)
MR       .....                  (no boots)
Stlth    ..........             (no amulet)
HPRegen  0.00/turn              z - ring of positive energy
MPRegen  0.12/turn              w - +3 ring of strength

@: non-regenerating, diseased
A: retaliatory headbutt, horns 2
a: Heroism, Finesse, Renounce Religion, Evoke Blink


You were on level 11 of the Dungeon.
You worshipped Okawaru.
Okawaru was exalted by your worship.
You were not hungry.

You visited 1 branch of the dungeon, and saw 11 of its levels.
You also visited: Ossuary.

You collected 642 gold pieces.

Inventory:

Hand Weapons
 a - the +5 falchion of the Volcano (weapon) {flame, +Blink rElec}
   (Okawaru gifted it to you on level 10 of the Dungeon)

   It has been specially enchanted to burn those struck by it, causing extra
   injury to most foes and up to half again as much damage against particularly
   susceptible opponents.
   Big, fiery blades are also staple armaments of hydra-hunters.
   It insulates you from electricity.
   It lets you blink.
 b - the +4 demon blade of Extermination {elec, rElec}
   (Okawaru gifted it to you on level 9 of the Dungeon)

   Occasionally, upon striking a foe, it will discharge some electrical energy
   and cause terrible harm.
   It insulates you from electricity.
 N - the +9 flail of Responsibility {crush, rPois Dex+6 SInv Stlth+}
   (You found it on level 7 of the Dungeon)

   It inflicts extra damage upon your enemies.
   It affects your dexterity (+6).
   It protects you from poison.
   It lets you see invisible.
   It makes you more stealthy.
 R - a +6 falchion of freezing
Armour
 c - a +1 shield (worn)
 i - a +0 chain mail
 Q - a +0 plate armour (worn)
Jewellery
 l - an uncursed ring of magical power
 n - an uncursed ring of magical power
 u - an uncursed amulet of the acrobat
 w - a +3 ring of strength (right hand)
 z - a ring of positive energy (left hand)
 B - an uncursed ring of fire
 F - an uncursed ring of fire
Wands
 t - a wand of polymorph (4)
 H - a wand of flame (13)
 J - a wand of scattershot (3)
Scrolls
 d - 3 scrolls of amnesia {unknown}
 e - 8 scrolls of remove curse
 g - 3 scrolls of identify
 q - 2 scrolls of fog {unknown}
 r - 2 scrolls of noise {unknown}
 s - 7 scrolls of teleportation {unknown}
 v - 2 scrolls of fear
 x - a scroll of enchant weapon {unknown}
 y - a scroll of immolation {unknown}
 A - 3 scrolls of magic mapping {unknown}
 O - a scroll of blinking {unknown}
 P - a scroll of acquirement {unknown}
 S - a scroll of enchant armour
Potions
 h - a potion of resistance
 j - a potion of agility
 k - a potion of berserk rage
 m - 3 potions of heal wounds
 o - 3 potions of magic
 p - 7 potions of curing
 C - a potion of flight
 D - 2 potions of mutation
 E - 2 potions of brilliance {unknown}
 I - 2 potions of cancellation {unknown}
 K - a potion of might
 L - a potion of invisibility {unknown}
 M - 2 potions of ambrosia {unknown}
Comestibles
 f - 30 rations
 G - a chunk of flesh


   Skills:
 + Level 9.0 Fighting
 + Level 12.8 Long Blades
 + Level 4.3 Maces & Flails
 + Level 10.3 Armour
 + Level 4.0 Dodging
 + Level 0.6 Stealth
 + Level 11.7 Shields
 + Level 0.4 Unarmed Combat


You had 10 spell levels left.
You didn't know any spells.
Your spell library contained the following spells:

 Spells                   Type           Power        Failure   Level  Hunger
 Beastly Appendage        Tmut           #.....       100%        1    ##.....
 Infusion                 Chrm           #...         100%        1    ##.....
 Sandblast                Erth           #.....       100%        1    ##.....
 Summon Small Mammal      Summ           #...         100%        1    ##.....
 Call Imp                 Summ           #.......     100%        2    ###....
 Passwall                 Tmut/Erth      #.......     100%        2    ###....
 Shroud of Golubria       Chrm/Tloc      #.....       100%        2    ###....
 Song of Slaying          Chrm           #.......     100%        2    ###....
 Sticks to Snakes         Tmut           #.......     100%        2    ###....
 Call Canine Familiar     Summ           #.......     100%        3    ####...
 Recall                   Summ/Tloc      N/A          100%        3    ####...
 Regeneration             Chrm/Necr      #.........   100%        3    ####...
 Spectral Weapon          Hex/Chrm       #.......     100%        3    ####...
 Spider Form              Tmut/Pois      #.........   100%        3    ####...
 Stone Arrow              Conj/Erth      #.....       100%        3    ####...
 Summon Guardian Golem    Hex/Summ       #.......     100%        3    ####...
 Ice Form                 Ice/Tmut       #.......     100%        4    #####..
 Petrify                  Tmut/Erth      #.......     100%        4    #####..
 Summon Ice Beast         Ice/Summ       #.......     100%        4    #####..
 Summon Lightning Spire   Summ/Air       #.......     100%        4    #####..
 Blade Hands              Tmut           #.........   100%        5    ######.
 Lee's Rapid Deconstruct  Erth           #.........   100%        5    ######.
 Summon Forest            Summ/Tloc      #.........   100%        5    ######.
 Dragon's Call            Summ           #.........   100%        9    #######


Dungeon Overview and Level Annotations

Branches:
Dungeon (11/15)            Temple (0/1) D:4             Orc (0/2) D:9
Ossuary (visited)
   Lair: D:8-11

Altars:
Makhleb
Okawaru
Sif Muna
Xom
Zin
The Shining One

Shops:
D:6 (   D:7 (


Innate Abilities, Weirdness & Mutations

You reflexively headbutt those who attack you in melee.
You have a pair of horns on your head.


Message History

The manticore claws you but does no damage.
You hit the manticore. You burn the manticore.
The manticore is heavily wounded.
The manticore bites you!
* * * LOW HITPOINT WARNING * * *
The manticore closely misses you. The manticore claws you.
* * * LOW HITPOINT WARNING * * *
You closely miss the manticore.
The manticore is heavily wounded.
You hit the manticore. You burn the manticore.
The manticore is severely wounded.
The manticore barely misses you. You furiously retaliate!
You headbutt the manticore!
The manticore claws you but does no damage.
You block the manticore's attack.
Unknown command.
You hit the manticore. You burn the manticore.
The manticore is almost dead.
The manticore bites you!
You die...

#............#
#......####### ##
#......# ###### .# #
#......###....##.#.##
#........#.#.........
#........#.##...##.##
#......(.#>.+........
##.........##..%##...
#.###...####@..# ..
#.......# #H#.....#
###.#...# #.#####.#
#.##### #.# # ..# ...
... ?...


You could see a manticore.

Vanquished Creatures
  Snorg (D:10)
  A two-headed ogre (D:9)
  An unseen horror (D:7)
  Pikel (D:7)
  An efreet (D:8)
  A queen bee (D:10)
  2 wraiths (Ossuary)
  21 yaks
  Eustachio (D:4)
  Duvessa (D:4)
  A swamp drake (D:9)
  A black bear (D:7)
  A necrophage (D:10)
  3 orc warriors (D:9)
  2 sky beasts
  4 ogres
  2 phantoms
  3 centaurs
  Blork the orc (D:4)
  Dowan (D:4)
  8 bullfrogs
  A water moccasin skeleton (D:6)
  23 killer bees (D:10)
  2 scorpions (D:9)
  9 wights
  An electric eel (D:8)
  A bullfrog zombie (D:6)
  8 crimson imps
  3 quasits
  2 centaur zombies
  2 bullfrog skeletons
  A centaur skeleton (D:5)
  6 jellies
  5 hounds
  11 orc priests
  2 iguanas
  Jessica (D:3)
  8 worker ants
  7 orc wizards
  A hound skeleton (D:6)
  A howler monkey zombie (D:8)
  2 howler monkey skeletons (D:6)
  8 adders
  A shadow imp (D:10)
  An adder skeleton (D:8)
  An adder zombie (D:5)
  3 worms
  4 dart slugs
  4 leopard geckos
  41 orcs
  A ball python (D:2)
  8 giant cockroaches
  8 goblins
  11 hobgoblins
  23 jackals
  4 quokkas
  11 bats
  4 frilled lizards
  3 hobgoblin skeletons (Ossuary)
  2 hobgoblin zombies (Ossuary)
  9 kobolds
  A kobold zombie (Ossuary)
  A leopard gecko skeleton (D:5)
  An orc skeleton (Ossuary)
  2 orc zombies (Ossuary)
  3 rats
  A rat zombie (D:8)
311 creatures vanquished.

Vanquished Creatures (others)
  An orc wizard (D:6)
1 creature vanquished.

Grand Total: 312 creatures vanquished

Notes
Turn   | Place    | Note
-------+----------+-------------------------------------------
     0 | D:1      | Peloso the Minotaur Fighter began the quest for the Orb.
     0 | D:1      | Reached XP level 1. HP: 19/19 MP: 0/0
    81 | D:1      | Reached XP level 2. HP: 22/27 MP: 1/1
   323 | D:1      | Reached XP level 3. HP: 31/34 MP: 2/2
   891 | D:2      | Found a burning altar of Makhleb.
   901 | D:2      | Reached skill level 1 in Dodging
   901 | D:2      | Reached XP level 4. HP: 36/41 MP: 3/3
  1299 | D:2      | Reached skill level 3 in Long Blades
  1622 | D:2      | Reached XP level 5. HP: 41/47 MP: 4/4
  1835 | D:3      | Reached skill level 5 in Armour
  1904 | D:3      | Noticed Jessica
  1912 | D:3      | Found a shimmering blue altar of Sif Muna.
  1930 | D:3      | Killed Jessica
  2122 | D:3      | Found a shimmering altar of Xom.
  2135 | D:3      | Reached skill level 4 in Long Blades
  2135 | D:3      | Reached XP level 6. HP: 54/55 MP: 5/5
  2142 | D:3      | Reached skill level 5 in Long Blades
  2166 | D:3      | Reached skill level 5 in Shields
  2553 | D:4      | Found an iron altar of Okawaru.
  2577 | D:4      | Became a worshipper of Warmaster Okawaru
  2646 | D:4      | Found a staircase to the Ecumenical Temple.
  2744 | D:4      | Noticed Duvessa
  2744 | D:4      | Noticed Dowan
  2753 | D:4      | Killed Duvessa
  2753 | D:4      | Reached skill level 5 in Fighting
  2758 | D:4      | Killed Dowan
  2758 | D:4      | Reached XP level 7. HP: 61/61 MP: 6/6
  2843 | D:4      | Noticed Blork the orc
  2854 | D:4      | Killed Blork the orc
  2897 | D:4      | Noticed Eustachio
  2921 | D:4      | Killed Eustachio
  2921 | D:4      | Reached * piety under Okawaru
  3104 | D:4      | Reached skill level 6 in Long Blades
  3532 | D:5      | Entered Level 5 of the Dungeon
  3785 | D:5      | Reached XP level 8. HP: 59/69 MP: 7/7
  4260 | D:5      | Reached ** piety under Okawaru
  4432 | D:6      | Reached skill level 7 in Long Blades
  4591 | D:6      | Reached skill level 8 in Long Blades
  4873 | D:6      | Found Woytsogg's Weapon Shoppe.
  4955 | D:6      | Reached *** piety under Okawaru
  5036 | D:6      | Reached XP level 9. HP: 19/75 MP: 8/8
  5592 | D:7      | Got an iridescent flail
  5593 | D:7      | Identified the +9 flail of Responsibility {crush, rPois
                  | Dex+6 SInv Stlth+} (You found it on level 7 of the Dungeon)
  5636 | D:7      | Noticed an unseen horror
  5647 | D:7      | Killed an unseen horror
  5647 | D:7      | Reached **** piety under Okawaru
  5647 | D:7      | Reached skill level 9 in Long Blades
  5754 | D:7      | Noticed Pikel
  5763 | D:7      | Killed Pikel
  5763 | D:7      | Reached skill level 1 in Maces & Flails
  5897 | D:7      | Found Moronagu's Weapon Boutique.
  6258 | D:8      | Found a sand-covered staircase.
  6263 | Ossuary  | Entered an ossuary
  6648 | D:8      | Reached XP level 10. HP: 68/86 MP: 9/9
  6714 | D:8      | Reached skill level 10 in Shields
  6912 | D:8      | Identified Sif Muna's Volume of the Entourage
  6942 | D:8      | Reached ***** piety under Okawaru
  6958 | D:8      | Reached skill level 10 in Long Blades
  7098 | D:8      | Received a gift from Okawaru
  7212 | D:8      | Reached skill level 11 in Long Blades
  7225 | D:8      | Found a glowing silver altar of Zin.
  7235 | D:8      | Found a glowing golden altar of the Shining One.
  7905 | D:9      | Reached XP level 11. HP: 94/94 MP: 10/10
  7976 | D:9      | Found a staircase to the Orcish Mines.
  8655 | D:9      | Received a gift from Okawaru
  8729 | D:9      | Noticed a two-headed ogre
  8738 | D:9      | Killed a two-headed ogre
  8738 | D:9      | Received a gift from Okawaru
  8738 | D:9      | Reached skill level 12 in Long Blades
  8744 | D:9      | Got a transparent demon blade {god gift}
  8745 | D:9      | Identified the +4 demon blade of Extermination {elec,
                  | rElec} (Okawaru gifted it to you on level 9 of the Dungeon)
  8897 | D:10     | Entered Level 10 of the Dungeon
  9276 | D:10     | Reached skill level 10 in Armour
  9316 | D:10     | Reached ****** piety under Okawaru
  9486 | D:11     | Noticed Snorg
  9506 | D:10     | Killed Snorg
  9506 | D:10     | Received a gift from Okawaru
  9514 | D:10     | Got an ichor-stained falchion {god gift}
  9515 | D:10     | Identified the +5 falchion of the Volcano {flame, +Blink
                  | rElec} (Okawaru gifted it to you on level 10 of the
                  | Dungeon)
  9601 | D:11     | Slain by a manticore

Levels and vault maps discovered:
D:1:      dpeg_arrival_fog, layout_loops_cross
D:2:      layout_basic, makhleb_heckhound_becter
D:3:      layout_basic, tgw_sif, led_xom_imps, first_ration
D:4:      layout_loops_ring, okawaru_altar_gauntlet_db, temple_green,
          st_stairs_1, uniq_duvessa, uniq_eustachio, uniq_blork_the_orc
D:5:      layout_loops_corners, minmay_misc_feat_rows
D:6:      layout_loops_ring, serial_shops, shop
D:7:      layout_loops_ring, serial_shops, nicolae_shop_statue_plus,
          serial_rivers, chequers_serial_rivers_micro_d,
          chequers_serial_rivers_small_3, chequers_serial_rivers_micro_b,
          chequers_serial_rivers_room_a, uniq_pikel
D:8:      argonaut_augean_stables, layout_rooms,
          amethyst_overflow_temple_binary, enter_ossuary_3, grunt_ogre_cave
D:9:      layout_basic, erik_orc_1, kennysheep_generic_room_8
D:10:     layout_loops_ring, special_room [special_room_bee]
D:11:     layout_basic, lair_entry_dummy, bh_circular_ruins, uniq_snorg

Skill      XL: |  1  2  3  4  5  6  7  8  9 10 11 |
---------------+----------------------------------+-----
Fighting       | 4 5 6 7 8 9 |  9.0
Armour         | 4 5 6 7 8 9 10 | 10.3
Shields        | 4 5 6 7 9 11 | 11.7
Dodging        | 1 2 3 4 |  4.0
Long Blades    | 3 4 5 6 8 9 11 12 | 12.8
Maces & Flails | 2 4 |  4.3
Stealth        | |  0.6
Unarmed Combat | |  0.4

Action                   |  1- 3 |  4- 6 |  7- 9 | 10-12 || total
-------------------------+-------+-------+-------+-------++-------
Melee: Long sword        |    81 |   165 |   275 |       ||   521
       Headbutt          |    12 |    27 |    96 |    65 ||   200
       Unarmed           |       |       |     4 |       ||     4
       Falchion          |       |       |    41 |   208 ||   249
       Flail             |       |       |    33 |       ||    33
       Demon blade       |       |       |       |    99 ||    99
Invok: Heroism           |       |       |       |     2 ||     2
  Use: Potion            |     2 |     2 |       |     1 ||     5
       Scroll            |       |     4 |     3 |     3 ||    10
  Eat: Chunk             |       |     6 |    10 |    10 ||    26
       Ration            |       |       |     1 |       ||     1
Armor: Scale mail        |    29 |       |       |       ||    29
       Chain mail        |    24 |    92 |   110 |    37 ||   263
       Skin              |       |       |     1 |       ||     1
       Plate armour      |       |       |       |    42 ||    42
Dodge: Dodged            |    27 |    55 |    88 |   108 ||   278
Block: Shield            |    40 |   111 |   191 |   176 ||   518
       Rpst.: Long sword |     7 |    12 |    21 |       ||    40
       Falchion          |       |       |     6 |    22 ||    28
       Demon blade       |       |       |       |    11 ||    11
